 Dungeon Crawl Stone Soup version 0.28.0-45-g0d030f2227 (webtiles) character file.

Game seed: 5030645902963448869

250 pkoi the Gusty (level 5, -2/38 HPs)
             Began as a Demigod Air Elementalist on Apr 15, 2022.
             Slain by a gnoll
             ... wielding a +0 flail
              (13 damage)
             ... on level 2 of the Dungeon.
             The game lasted 00:07:33 (3797 turns).

pkoi the Gusty (Demigod Air Elementalist)           Turns: 3797, Time: 00:07:34

Health: -2/38      AC:  2    Str:  9    XL:     5   Next: 57%
Magic:  4/12       EV: 12    Int: 21    God:
Gold:   114        SH:  0    Dex: 14    Spells: 2/9 levels left

rFire   . . .      SeeInvis .   l - +1 hand axe (elec)
rCold   . . .      Faith    .   (no shield)
rNeg    . . .      Spirit   .   a - +0 robe
rPois   .          Reflect  .   (no helmet)
rElec   .          Harm     .   (no cloak)
rCorr   .          Rampage  .   (no gloves)
Will    .....                   (no boots)
Stlth   ++........              (no amulet)
HPRegen 0.12/turn               (no ring)
MPRegen 0.13/turn               (no ring)

@: no status effects
A: high MP 1, forlorn, divine attributes
a: no special abilities


You were on level 2 of the Dungeon.
You visited 1 branch of the dungeon, and saw 3 of its levels.

You collected 114 gold pieces.

Inventory:

Hand Weapons
 c - a +0 short sword
 l - a +1 hand axe of electrocution (weapon)
Armour
 a - a +0 robe (worn)
Scrolls
 e - a scroll of identify
 f - a scroll of summoning
 k - a scroll of teleportation
Potions
 b - a potion of haste {unknown}
 d - a potion of curing {unknown}
 g - a potion of mutation
 j - a potion of might


   Skills:
 - Level 1.9 Dodging
 - Level 1.9 Stealth
 + Level 2.9 Spellcasting
 + Level 2.6 Conjurations
 * Level 4.5 Air Magic


You had 2 spell levels left.
You knew the following spells:

 Your Spells              Type           Power      Damage    Failure   Level
a - Shock                 Conj/Air       72%        1d7       3%          1
b - Static Discharge      Conj/Air       18%        N/A       4%          2
c - Airstrike             Air            11%        N/A       21%         4

Your spell library contained the following spells:

 Spells                   Type           Power      Damage    Failure   Level
 Freeze                   Ice            12%        1d4       14%         1
 Pain                     Necr           12%        1d4       14%         1
 Ensorcelled Hibernation  Hex/Ice        6%         N/A       21%         2
 Passwall                 Tmut/Erth      2%         N/A       21%         2
 Swiftness                Air            22%        N/A       6%          3
 Call Canine Familiar     Summ           3%         N/A       38%         3
 Frozen Ramparts          Ice            6%         1d2       38%         3
 Portal Projectile        Hex/Tloc       6%         N/A       38%         3
 Hailstorm                Conj/Ice       8%         3d4       61%         4
 Leda's Liquefaction      Hex/Erth       1%         N/A       80%         4


Dungeon Overview and Level Annotations

Branches:
Dungeon (3/15)

Shops:
D:3 :

Annotations:
D:3 1 runed translucent door


Innate Abilities, Weirdness & Mutations

You have an increased reservoir of magic. (+10% MP)
You shall have no god before yourself.
Your divine heritage dramatically boosts your attributes as you level up.


Message History

The puff of flame hits you.
* * * LOW HITPOINT WARNING * * *
Aiming: Shock (safe; 3% risk of failure)
Press: ? - help, Q - select action, (/) - cycle Shift-Dir - straight line, f/p - orc wizard
Aim: an orc wizard, wielding a +0 dagger and wearing a +0 robe (heavily wounded, 64% to hit)
The zap hits the orc wizard.
The orc wizard is heavily wounded.
The orc wizard closely misses you.
You closely miss the orc wizard.
The orc wizard is heavily wounded.
The orc wizard hits you but does no damage.
You barely miss the orc wizard.
The orc wizard is heavily wounded.
The orc wizard mumbles some strange words.
The orc wizard flickers and vanishes!
Deactivating autopickup; reactivate with Ctrl-A.
You barely miss something. Something hits you but does no damage.
You hear some strange, mumbled words.
A magic dart appears from out of thin air!
The magic dart hits you!
* * * LOW HITPOINT WARNING * * *
Unknown command.
There is an escape hatch in the ceiling here.
Something hits you.
* * * LOW HITPOINT WARNING * * *
A mysterious force pulls you upwards. The hatch slams shut behind you.
The gnoll shouts!
Reactivating autopickup.
Unknown command.
You hear some strange, mumbled words.
Deactivating autopickup; reactivate with Ctrl-A.
Something tries to affect you, but you resist.
Aiming: Shock (safe; 3% risk of failure)
Press: ? - help, Q - select action, (/) - cycle Shift-Dir - straight line The zap hits the gnoll.
The gnoll is heavily wounded.
The zap hits the gnoll.
The gnoll is severely wounded.
The gnoll hits you with a +0 flail!
You die...

#..# #...## #..................
#..# #.#..###.##.....P....##.#.
#..###.#...#..............##.#.
#..#.....#...#...#...........#.
#..#.##....#...#...............
#..#.##...###)###).......#####.
#..#.###...#...#.........# #.
#....# #.#...#.g.#......######.
######.#
#...#..@#....##....g)...
.......#
##.###.###.#.###########
######.###...#...#....#
#.....#...#...#..#
####........#....#
#.....#####...# ####### #####


You could see a gnoll.

Vanquished Creatures
  A scorpion (D:3)
  An orc priest (D:3)
  6 gnolls
  2 adders
  A white imp (D:3)
  A worm (D:2)
  4 orcs (D:3)
  9 ball pythons
  3 endoplasms
  2 giant cockroaches
  4 goblins
  6 hobgoblins
  5 jackals (D:3)
  7 kobolds
  2 quokkas
  5 bats
  3 frilled lizards
  A kobold zombie (D:3)
  9 rats
72 creatures vanquished.

Vanquished Creatures (others)
  11 fungi
  4 plants (D:1)
  4 toadstools (D:2)
19 creatures vanquished.

Grand Total: 91 creatures vanquished

Notes
Turn   | Place    | Note
-------+----------+-------------------------------------------
     0 | D:1      | pkoi the Demigod Air Elementalist began the quest for the
                  | Orb.
     0 | D:1      | Reached XP level 1. HP: 14/14 MP: 5/5
    49 | D:1      | Reached skill level 1 in Conjurations
   572 | D:1      | Reached XP level 2. HP: 20/20 MP: 5/7
   752 | D:1      | Learned a level 2 spell: Static Discharge
   780 | D:1      | Reached skill level 3 in Air Magic
  1071 | D:1      | Got Plato's Reference Book on Evil
  1416 | D:2      | Reached XP level 3. HP: 25/26 MP: 4/8
  2098 | D:2      | Reached XP level 4. HP: 6/33 MP: 3/10
  2861 | D:3      | Reached skill level 4 in Air Magic
  2924 | D:3      | Found a runed translucent door.
  2924 | D:3      | Noticed a human
  2938 | D:3      | Reached XP level 5. HP: 16/38 MP: 1/11
  3587 | D:3      | Learned a level 4 spell: Airstrike
  3597 | D:3      | Found Moutt's Book Shop.
  3797 | D:2      | Slain by a gnoll

Illustrated notes

Levels and vault maps discovered:
D:1:      psy_arrival_radial01, layout_rooms,
          shapermc_ecumenical_altar_rom_forum
D:2:      layout_loops_ring, minmay_gold_behind_fungi,
          minmay_misc_feat_four_crosses
D:3:      layout_basic, ashenzari_conservatory_becter, dk_yredelemnul_ordeal,
          serial_shops, nicolae_shop_crystal, corexii_item_surrounded_by_moat,
          minmay_misc_feat_cross, st_stairs_10, amethyst_killhole,
          minmay_quadrilaterals

Skill      XL: |  1  2  3  4 |
---------------+-------------+-----
Conjurations   | 1 2 |  2.6
Spellcasting   | 2 |  2.9
Air Magic      | 3 4 |  4.5
Dodging        | |  1.9
Stealth        | |  1.9

Action                   |  1- 3 |  4- 6 || total
-------------------------+-------+-------++-------
Melee: Unarmed           |     7 |       ||     7
       Short sword       |    15 |       ||    15
       Hand axe          |       |    10 ||    10
 Cast: Shock             |    91 |    67 ||   158
  Use: Scroll            |       |     7 ||     7
       Potion            |       |     1 ||     1
 Stab: Distracted        |       |     1 ||     1
       Sleeping          |       |     1 ||     1
Armor: Robe              |     3 |     8 ||    11
Dodge: Dodged            |    19 |    12 ||    31
